Map: Heavy Artillery LE

Players

qqq

  • Race: Zerg Zerg
  • League: Platinum
  • Spawn Location: 1:00

Massa

  • Race: Terran Terran
  • League: Platinum
  • Spawn Location: 3:00

Touckit

  • Race: Terran Terran
  • Spawn Location: 7:00

Orimek

  • Race: Protoss Protoss
  • Spawn Location: 7:00

VOD

Have the link to the VOD?

Description

Time

  • Played on: Nov. 27, 2020, 5:34 p.m.
  • Length: 17:57
Show
View Real Time Build Order
Export as new Build Order

qqq Zerg 

Build Orders: Hatch First 

Get SALT Encoding   

  12  0:03  Drone  
  13  0:15  Drone  
  14  0:34  Overlord  
  14  0:44  Hatchery  
  14  0:47  Drone  
  14  0:58  Drone x2  
  16  1:24  Drone  
  17  1:27  Drone x2, Spawning Pool  
  17  1:30  Extractor  
  17  1:38  Drone  
  18  1:49  Drone  
  19  2:05  Drone  
  19  2:06  Drone  
  21  2:16  Queen  
  21  2:17  Queen  
  21  2:18  Drone x2  
  21  2:19  Zergling x2  
  21  2:22  Overlord  
  28  2:30  Overlord  
  28  2:34  Metabolic Boost  
  27  2:38  Drone  
  27  2:40  Zergling x2  
  29  2:50  Zergling x2  
  30  2:52  Drone, Zergling x2  
  32  3:01  Zergling x2  
  32  3:05  Zergling x2  
  34  3:11  Zergling x2  
  34  3:12  Zergling x2  
  36  3:27  Zergling x2  
  36  3:28  Zergling x2  
  38  3:34  Zergling x4  
  38  3:35  Zergling x4  
  38  3:36  Zergling x4  
  38  3:38  Overlord x2  
  44  3:49  Hatchery  
  44  3:52  Zergling x2  
  44  3:55  Lair  
  44  4:13  Spore Crawler  
  44  4:16  Drone  
  44  4:17  Drone, Spore Crawler  
  44  4:18  Zergling x4  
  44  4:20  Drone, Zergling x2  
  49  4:24  Zergling x2  
  49  4:25  Drone  
  49  4:26  Drone  
  51  4:34  Zergling x4  
  46  4:53  Zergling x6  
  46  4:54  Drone x4  
  53  5:06  Zergling x2  
  52  5:07  Zergling x4  
  48  5:16  Zergling x2  
  48  5:17  Zergling x4  
  47  5:30  Zergling x2  
  47  5:31  Zergling x6  
  47  5:34  Queen  
  45  5:56  Spire  
  45  5:57  Drone x2  
  45  5:59  Extractor  
  45  6:02  Drone x5  
  45  6:03  Drone  
  51  6:18  Drone x3  
  54  6:20  Drone  
  54  6:23  Drone x4  
  54  6:25  Extractor  
  58  6:26  Extractor  
  58  6:32  Drone x3  
  60  6:35  Infestation Pit  
  59  6:40  Drone x3  
  59  6:41  Drone  
  59  6:42  Overlord  
  59  6:43  Overlord  
  59  6:44  Drone x2  
  65  6:49  Spore Crawler  
  64  6:57  Drone x2  
  66  7:09  Mutalisk x3  
  66  7:12  Mutalisk  
  74  7:15  Overlord  
  74  7:18  Mutalisk  
  74  7:22  Zerg Flyer Weapons Level 1  
  76  7:23  Hatchery  
  75  7:38  Mutalisk x2  
  75  7:40  Drone x2  
  75  7:41  Drone x5  
  75  7:43  Hatchery  
  85  7:46  Extractor  
  85  7:48  Extractor  
  83  7:56  Hive  
  82  8:02  Drone x2  
  84  8:09  Mutalisk  
  84  8:10  Mutalisk  
  84  8:12  Drone  
  81  8:21  Mutalisk  
  81  8:23  Drone x3  
  86  8:29  Drone  
  87  8:35  Overlord x4  
  87  8:37  Zergling x6  
  90  8:42  Spore Crawler  
  90  8:45  Mutalisk x3, Spore Crawler  
  95  8:48  Drone x2  
  95  8:50  Overlord  
  96  9:03  Mutalisk, Baneling Nest  
  96  9:05  Mutalisk  
  96  9:08  Drone x4  
  96  9:09  Drone x5  
  108  9:12  Spore Crawler  
  108  9:13  Drone  
  108  9:14  Extractor  
  108  9:15  Queen  
  108  9:16  Zerg Flyer Armor Level 1  
  109  9:27  Drone x3  
  109  9:28  Viper  
  109  9:30  Viper  
  118  9:34  Mutalisk  
  118  9:36  Queen  
  118  9:38  Drone x2  
  124  9:39  Drone  
  124  9:42  Overlord  
  124  9:43  Spine Crawler x2  
  124  9:44  Spore Crawler, Corruptor  
  124  9:49  Corruptor  
  124  9:51  Queen  
  124  9:52  Drone x3  
  131  9:53  Drone  
  132  10:07  Mutalisk x3  
  132  10:08  Zergling x2  
  132  10:09  Drone, Zergling x4  
  132  10:10  Drone x4  
  146  10:35  Extractor  
  145  10:42  Drone x4  
  149  10:43  Drone  
  149  10:44  Spore Crawler  
  149  10:45  Spore Crawler  
  149  10:47  Spine Crawler  
  149  10:49  Overlord x3  
  147  10:50  Overlord x2  
  147  10:51  Extractor, Mutalisk x2  
  147  10:56  Overlord x4  
  147  10:57  Overlord x2  
  150  11:10  Drone x5, Mutalisk x2  
  150  11:11  Corruptor x3  
  159  11:15  Viper x2  
  171  11:23  Corruptor x2  
  174  11:30  Corruptor x2  
  170  12:16  Mutalisk x2, Corruptor x3  
  170  12:17  Mutalisk  
  170  12:19  Viper x2  
  170  12:20  Corruptor x2  
  192  12:23  Extractor  
  191  12:44  Hatchery  
  188  12:52  Hatchery  
  182  13:00  Overseer  
  182  13:03  Mutalisk, Corruptor x2  
  182  13:04  Mutalisk x3  
  182  13:05  Corruptor x3  
  200  13:13  Hatchery  
  200  13:16  Zerg Flyer Weapons Level 2  
  199  13:22  Centrifical Hooks  
  199  13:24  Drone  
  200  14:01  Evolution Chamber x2  
  200  14:02  Drone  
  199  14:56  Viper  
  177  15:18  Corruptor x3  
  177  15:19  Corruptor x2  
  177  15:20  Mutalisk x5, Viper  
  177  15:21  Mutalisk  
  160  15:30  Mutalisk x3  
  160  15:32  Drone x5, Mutalisk x4, Zerg Flyer Armor Level 2  
  175  15:36  Viper  
  178  15:46  Viper x3  
  178  15:47  Viper  
  190  15:54  Overseer x2  
  190  15:55  Drone x3  
  190  15:56  Drone x3  
  196  15:58  Extractor x2  
  196  15:59  Spine Crawler  
  196  16:00  Spine Crawler  
  196  16:02  Spore Crawler  
  196  16:03  Spore Crawler  
  190  16:06  Spore Crawler  
  190  16:07  Spore Crawler  
  184  16:21  Drone x2  
  184  16:23  Extractor, Drone x2  
  184  16:24  Drone x2, Extractor  
  176  16:34  Mutalisk x3, Corruptor  
  176  16:35  Mutalisk x3, Corruptor x3  
  196  16:53  Spire  
  122  17:21  Corruptor x3  
  122  17:22  Corruptor x4  
  102  17:24  Zergling x2  
  102  17:25  Zergling x8  
  102  17:26  Zergling x10  
  108  17:33  Drone  
  108  17:34  Drone x2  
  101  17:39  Hatchery  
  101  17:43  Ultralisk Cavern  
  79  17:45  Drone x3  
Show
View Real Time Build Order
Export as new Build Order

Massa Terran 

Build Orders: Reaper Expand 

Get SALT Encoding   

  12  0:02  SCV  
  13  0:14  SCV  
  14  0:26  SCV  
  14  0:27  Supply Depot  
  15  0:37  Refinery  
  15  0:48  SCV  
  16  0:50  Barracks  
  16  1:00  SCV  
  17  1:12  SCV  
  18  1:24  SCV  
  19  1:39  Reaper  
  20  1:43  Supply Depot  
  20  1:52  Orbital Command  
  20  1:54  Command Center  
  20  2:10  Marine  
  20  2:12  Barracks  
  21  2:20  Factory  
  21  2:24  SCV  
  22  2:39  Barracks Reactor  
  22  2:44  SCV  
  23  2:56  SCV  
  24  3:02  Supply Depot  
  24  3:08  SCV  
  24  3:11  Barracks Tech Lab  
  25  3:13  Orbital Command  
  25  3:14  Barracks  
  25  3:15  Factory Tech Lab  
  25  3:17  Marine x2  
  27  3:26  Supply Depot  
  27  3:31  SCV  
  27  3:33  Marine  
  29  3:34  Marine  
  29  3:35  Marine  
  29  3:36  Widow Mine  
  33  3:42  SCV  
  34  3:51  Marine  
  34  3:52  Marine x2  
  34  3:53  Stimpack  
  37  3:57  Hellion  
  37  4:02  SCV x2  
  41  4:03  Marine  
  41  4:09  Marauder  
  44  4:10  Marine  
  44  4:16  Engineering Bay  
  39  4:31  Marauder  
  38  4:37  SCV x2  
  38  4:38  Marine  
  41  4:49  SCV  
  41  4:52  Marauder  
  35  5:22  Missile Turret  
  35  5:25  Missile Turret  
  35  5:26  SCV  
  35  5:27  SCV  
  29  5:29  Marine  
  29  5:30  Marauder, Marine x2  
  29  5:35  Refinery  
  34  5:39  SCV x2  
  36  5:51  SCV x2, Marauder  
  36  5:52  Marine x2  
  36  5:55  Cyclone  
  46  6:00  Marine  
  46  6:02  Refinery  
  46  6:05  Refinery  
  46  6:10  Marine x2  
  48  6:12  Marauder  
  48  6:18  Marine  
  51  6:28  Marine x2  
  51  6:33  Marine  
  51  6:35  Marine  
  51  6:37  SCV  
  51  6:38  SCV  
  55  6:45  Command Center  
  55  6:48  Marine x2  
  55  6:50  SCV x2  
  55  6:51  Marine  
  55  6:53  Combat Shield  
  61  6:56  Barracks Reactor  
  61  7:00  Barracks  
  60  7:02  SCV  
  60  7:03  Barracks  
  60  7:06  Barracks, Marine  
  62  7:10  Starport  
  62  7:22  Supply Depot  
  62  7:23  Supply Depot  
  62  7:28  Missile Turret  
  62  7:39  Missile Turret  
  62  7:43  Marine x5  
  62  7:44  SCV x2  
  70  7:53  Barracks Reactor  
  70  7:56  SCV x2  
  71  8:00  Sensor Tower  
  71  8:01  Marine x2  
  71  8:02  Marauder  
  71  8:03  Starport Reactor  
  71  8:04  Missile Turret  
  75  8:08  SCV  
  71  8:47  Medivac x2  
  75  8:54  Missile Turret  
  75  8:58  Missile Turret  
  75  9:07  Orbital Command  
  75  9:08  SCV  
  75  9:09  SCV  
  77  9:14  Marine x3  
  80  9:17  Medivac  
  80  9:21  SCV x2  
  84  9:29  Medivac  
  86  9:33  SCV  
  86  9:35  SCV x2, Command Center  
  89  9:41  Missile Turret  
  89  9:45  SCV  
  90  9:47  SCV, Medivac  
  93  9:58  Supply Depot  
  93  10:00  Supply Depot  
  93  10:16  Sensor Tower  
  93  10:20  SCV x3  
  93  10:21  Marauder, Marine x3  
  98  10:23  Barracks Tech Lab, Marine x3  
  104  10:30  Armory  
  104  10:32  SCV, Terran Infantry Weapons Level 1  
  105  10:37  Engineering Bay  
  105  10:39  Marine x3  
  108  10:42  Armory  
  108  10:46  Marauder, Medivac x2  
  108  10:48  Supply Depot  
  108  10:49  Supply Depot  
  114  10:52  Supply Depot  
  114  10:54  SCV x3  
  117  11:02  Marine  
  117  11:03  Marine x3  
  121  11:06  SCV  
  121  11:08  Marauder  
  124  11:17  Factory  
  124  11:20  Marine x2  
  124  11:22  Concussive Shells  
  124  11:24  Drilling Claws  
  126  11:29  Marauder  
  126  11:32  Terran Infantry Armor Level 1  
  128  11:34  Viking x2  
  128  11:36  Terran Vehicle Weapons Level 1  
  128  11:37  Terran Vehicle And Ship Armor Level 1  
  128  11:39  SCV x3  
  135  11:51  SCV x2, Marauder, Planetary Fortress  
  135  11:52  Missile Turret  
  135  11:54  SCV  
  140  11:59  Thor  
  146  12:01  Factory Reactor  
  146  12:03  SCV x2  
  146  12:05  Factory  
  148  12:11  Refinery  
  148  12:12  Refinery  
  148  12:15  Missile Turret  
  148  12:35  Missile Turret  
  148  12:36  Supply Depot  
  148  12:38  Supply Depot  
  148  12:40  Terran Infantry Weapons Level 2  
  148  12:41  Supply Depot  
  148  12:43  Supply Depot  
  148  12:49  Factory Reactor  
  148  12:55  Missile Turret  
  148  12:58  Marauder x2, Marine x4  
  156  12:59  Marine, Thor  
  156  13:00  Supply Depot  
  156  13:03  Widow Mine x2, Supply Depot x2  
  167  13:20  Marine x5  
  167  13:21  Marine x3  
  167  13:25  Widow Mine x2, Supply Depot  
  167  13:26  Terran Infantry Armor Level 2  
  179  13:28  SCV, Supply Depot  
  179  13:29  SCV x3  
  183  13:38  Marine  
  183  13:41  SCV x4  
  188  13:42  Command Center  
  188  13:43  Siege Tank  
  188  13:47  Refinery, Missile Turret  
  188  13:48  Refinery  
  191  13:51  Command Center  
  191  13:53  SCV x2  
  193  14:07  Medivac x2  
  193  14:08  Missile Turret  
  197  14:12  Marauder, Marine  
  200  14:54  Planetary Fortress  
  169  15:16  Marauder  
  169  15:17  Marauder, Marine x6  
  104  15:34  Marine  
  104  15:35  Marine x5  
  95  15:37  Thor  
  95  15:38  Marauder x2  
  95  15:39  Widow Mine x4  
  115  15:49  Barracks  
  115  15:50  Barracks  
  115  15:52  Marine  
  115  15:53  Marine x5  
  121  15:59  Marauder  
  121  16:00  Widow Mine x2, Marauder  
  121  16:01  Widow Mine x2  
  133  16:10  Marine  
  133  16:11  Marine x2  
  136  16:20  Marauder, Marine x2  
  136  16:21  Widow Mine, Marauder, Marine  
  151  16:27  Barracks  
  151  16:28  Barracks, Marine x3  
  154  16:34  Missile Turret  
  154  16:35  Missile Turret  
  154  16:36  Missile Turret  
  154  16:37  Missile Turret  
  154  16:38  Marine x2  
  155  16:42  Marine  
  155  16:46  Marine x2  
  143  16:56  Marine  
  143  17:00  Marauder  
  144  17:03  Factory Tech Lab  
  144  17:04  Factory Tech Lab  
  113  17:20  Marine  
  113  17:21  Marine x8  
  78  17:38  Marine  
  78  17:39  Marine x4  
  78  17:43  Barracks Tech Lab x2  
Show
View Real Time Build Order
Export as new Build Order

Touckit Terran 

Build Orders: Mech 

Get SALT Encoding   

  12  0:00  SCV  
  13  0:12  SCV  
  14  0:24  SCV  
  14  0:25  Supply Depot  
  15  0:46  SCV  
  15  0:47  Barracks  
  16  0:51  Refinery  
  16  0:58  SCV  
  17  1:09  Refinery  
  17  1:10  SCV  
  18  1:22  SCV  
  19  1:33  Marine  
  19  1:35  Supply Depot  
  19  1:38  Orbital Command  
  20  1:47  Factory  
  20  1:51  Marine  
  21  2:14  Command Center  
  21  2:16  SCV  
  22  2:28  SCV  
  23  2:34  Factory Tech Lab  
  23  2:40  Marine  
  24  2:46  Supply Depot  
  24  2:55  Engineering Bay  
  24  3:10  SCV  
  24  3:12  Siege Tank  
  28  3:22  SCV  
  29  3:27  Orbital Command  
  29  3:28  Refinery  
  29  3:34  SCV  
  29  3:38  Missile Turret  
  30  3:42  Marine  
  30  3:47  SCV, Siege Tank  
  35  3:53  SCV  
  36  3:59  SCV  
  36  4:01  Supply Depot  
  37  4:05  SCV  
  38  4:11  SCV  
  39  4:17  SCV  
  39  4:23  SCV  
  41  4:27  Missile Turret  
  41  4:29  SCV  
  42  4:35  SCV  
  42  4:37  Missile Turret  
  43  4:39  Missile Turret  
  43  4:41  SCV, Siege Tank  
  47  4:47  SCV, Marine  
  39  4:53  SCV  
  39  4:59  SCV  
  32  5:05  Marine  
  32  5:09  Orbital Command  
  32  5:11  SCV  
  32  5:13  Siege Tank  
  30  5:33  Marine  
  24  5:39  SCV x2  
  26  5:45  Siege Tank  
  28  5:51  SCV, Marine  
  28  5:52  SCV  
  31  6:04  SCV  
  32  6:40  SCV  
  33  6:50  Supply Depot  
  33  7:00  SCV x2  
  35  7:03  Marine  
  36  7:12  SCV  
  36  7:13  SCV  
  38  7:17  Missile Turret, Siege Tank  
  41  7:25  SCV x2  
  41  7:28  Factory  
  41  7:29  Factory  
  43  7:34  Refinery  
  43  7:37  SCV x2  
  44  7:40  Missile Turret  
  44  7:41  Missile Turret  
  45  7:49  SCV x2  
  47  7:53  Missile Turret  
  47  8:01  Missile Turret  
  47  8:04  Missile Turret  
  47  8:14  SCV x2  
  49  8:22  Factory Tech Lab, Missile Turret  
  49  8:23  Factory Tech Lab  
  49  8:26  SCV x2  
  51  8:27  Siege Tank  
  51  8:29  Marine  
  51  8:31  Missile Turret  
  55  8:38  SCV x2  
  57  8:41  Missile Turret  
  57  8:49  Command Center  
  57  8:50  SCV  
  58  9:02  SCV  
  58  9:03  Siege Tank x2  
  65  9:15  SCV  
  66  9:28  Armory  
  66  9:35  SCV  
  66  9:38  SCV  
  68  9:41  Marine  
  69  9:47  SCV  
  70  9:53  Supply Depot  
  70  9:56  Supply Depot  
  70  10:01  SCV x2, Marine, Siege Tank x3  
  82  10:11  Barracks  
  82  10:13  SCV x2  
  84  10:14  Starport  
  84  10:15  Supply Depot  
  84  10:18  Marine  
  85  10:25  SCV x2  
  87  10:33  Siege Tank x2  
  93  10:45  Missile Turret  
  93  10:51  Starport, SCV x2  
  93  10:55  Supply Depot  
  95  11:00  Supply Depot  
  95  11:03  SCV x2  
  97  11:06  Missile Turret, Supply Depot  
  97  11:09  Planetary Fortress  
  97  11:15  SCV, Missile Turret  
  97  11:16  SCV, Missile Turret  
  97  11:18  Supply Depot  
  99  11:22  Refinery  
  99  11:27  SCV  
  99  11:28  SCV  
  99  11:31  Siege Tank x2  
  99  11:32  Starport Reactor  
  107  11:34  Barracks Tech Lab  
  107  11:36  Starport Tech Lab  
  107  11:37  Missile Turret x2  
  107  11:39  SCV  
  108  11:40  SCV  
  105  11:51  SCV  
  105  11:52  SCV  
  106  12:03  SCV  
  106  12:04  SCV  
  106  12:05  Refinery, Missile Turret  
  108  12:10  Missile Turret  
  108  12:12  Hi-Sec Auto Tracking  
  108  12:16  Missile Turret  
  108  12:20  Missile Turret  
  108  12:21  Thor x2  
  120  12:23  Thor  
  120  12:26  SCV  
  127  12:30  Missile Turret  
  127  12:36  Missile Turret  
  127  12:56  Missile Turret  
  127  13:04  Siege Tank x2  
  133  13:21  SCV  
  133  13:22  Missile Turret  
  133  13:25  Missile Turret  
  134  13:29  Thor, Missile Turret  
  134  13:33  SCV  
  141  13:44  Missile Turret  
  141  13:46  Supply Depot x2  
  141  13:47  Missile Turret  
  141  13:49  Missile Turret  
  141  14:06  Sensor Tower  
  141  14:07  Thor  
  141  14:08  Liberator, Thor, Missile Turret  
  141  14:09  Missile Turret  
  156  14:12  Missile Turret  
  156  14:16  Supply Depot  
  156  14:18  Terran Vehicle Weapons Level 1  
  156  14:21  Combat Shield  
  156  14:28  Supply Depot  
  156  14:37  Liberator, Thor  
  165  14:40  Supply Depot  
  165  14:42  Command Center  
  165  14:44  Supply Depot  
  165  14:50  Thor  
  171  14:58  Supply Depot  
  153  15:20  Siege Tank x2  
  119  15:33  Siege Tank  
  116  15:40  Stimpack  
  116  15:52  Siege Tank x2  
  122  16:00  Orbital Command  
  122  16:05  Siege Tank  
  125  16:24  Siege Tank  
  131  16:25  Siege Tank  
  131  16:37  Siege Tank  
  131  16:39  Orbital Command  
  134  16:41  Missile Turret x3  
  134  16:42  Missile Turret  
  134  16:56  Siege Tank  
  134  16:57  Thor  
  140  17:09  Thor  
  155  17:52  Refinery x2  
  155  17:55  Missile Turret  
  155  17:56  Missile Turret  
  155  17:57  Missile Turret  
Show
View Real Time Build Order
Export as new Build Order

Orimek Protoss 

Build Orders: Oracle Opening, Carriers 

Get SALT Encoding   

  12  0:00  Probe  
  13  0:12  Probe  
  14  0:23  Pylon  
  14  0:25  Probe  
  15  0:41  Probe  
  16  0:44  Gateway  
  16  0:51  Assimilator  
  16  0:53  Probe  
  17  1:05  Probe  
  18  1:18  Probe  
  19  1:33  Cybernetics Core  
  19  1:37  Probe  
  20  1:40  Pylon, Assimilator  
  20  1:49  Probe  
  21  2:08  Probe  
  22  2:10  Nexus  
  22  2:20  Probe  
  23  2:34  Stargate  
  23  2:35  Probe  
  24  2:47  Probe  
  25  2:59  Probe  
  25  3:04  Pylon  
  26  3:12  Probe  
  27  3:14  Oracle (Chrono Boost)  
  30  3:22  Probe  
  30  3:24  Probe  
  32  3:30  Pylon  
  32  3:34  Probe  
  32  3:36  Probe  
  32  3:37  Void Ray (Chrono Boost)  
  34  3:46  Probe  
  34  3:48  Probe  
  40  3:58  Probe  
  40  4:00  Probe  
  42  4:08  Void Ray (Chrono Boost)  
  42  4:10  Probe  
  42  4:12  Probe  
  48  4:22  Probe  
  49  4:24  Probe  
  50  4:34  Probe  
  50  4:36  Probe  
  52  4:38  Void Ray (Chrono Boost)  
  52  4:40  Assimilator  
  52  4:45  Assimilator  
  56  4:49  Pylon  
  48  5:07  Probe x2  
  48  5:19  Void Ray (Chrono Boost)  
  52  5:32  Pylon  
  52  5:52  Pylon  
  52  6:01  Void Ray (Chrono Boost)  
  56  6:17  Pylon  
  56  6:18  Pylon  
  56  6:19  Pylon  
  56  6:21  Pylon  
  56  6:30  Forge  
  56  6:32  Void Ray (Chrono Boost)  
  56  6:34  Stargate  
  56  6:38  Probe x2  
  62  6:50  Probe (Chrono Boost)  
  62  6:52  Probe (Chrono Boost)  
  64  6:59  Fleet Beacon  
  64  7:01  Void Ray (Chrono Boost)  
  64  7:02  Probe (Chrono Boost)  
  64  7:05  Probe (Chrono Boost)  
  70  7:25  Protoss Shields Level 1 (Chrono Boost)  
  70  7:42  Pylon  
  70  7:44  Pylon  
  70  7:47  Photon Cannon  
  70  7:50  Photon Cannon  
  70  7:54  Photon Cannon  
  70  7:57  Carrier (Chrono Boost)  
  70  7:58  Photon Cannon, Flux Vanes  
  76  8:15  Carrier (Chrono Boost)  
  73  8:57  Photon Cannon, Carrier (Chrono Boost), Stargate  
  73  9:00  Pylon  
  73  9:01  Probe x2  
  75  9:12  Nexus  
  75  9:13  Probe x2  
  77  9:17  Pylon  
  77  9:21  Pylon  
  77  9:26  Protoss Air Weapons Level 1 (Chrono Boost)  
  77  9:30  Assimilator  
  77  9:31  Carrier (Chrono Boost)  
  77  9:32  Probe x2  
  77  9:35  Assimilator  
  85  9:39  Pylon  
  85  9:44  Probe  
  92  9:55  Probe  
  92  9:56  Probe  
  92  9:59  Photon Cannon  
  94  10:01  Photon Cannon  
  94  10:03  Carrier (Chrono Boost)  
  95  10:07  Probe  
  95  10:08  Probe  
  96  10:17  Twilight Council  
  96  10:19  Probe, Pylon  
  96  10:20  Probe  
  98  10:22  Photon Cannon  
  98  10:25  Carrier (Chrono Boost)  
  98  10:27  Probe  
  105  10:31  Probe  
  106  10:37  Carrier (Chrono Boost)  
  112  10:50  Protoss Shields Level 2 (Chrono Boost)  
  112  10:52  Probe x3  
  116  11:04  Probe x3  
  116  11:09  Carrier  
  124  11:19  Probe x3  
  127  11:27  Protoss Air Armor Level 1 (Chrono Boost)  
  127  11:29  Carrier (Chrono Boost)  
  127  11:31  Probe  
  140  11:41  Pylon  
  139  11:47  Carrier (Chrono Boost)  
  139  11:59  Photon Cannon x2  
  139  12:01  Mothership (Chrono Boost)  
  147  12:12  Photon Cannon  
  147  12:15  Pylon  
  147  12:19  Photon Cannon x2  
  147  12:21  Photon Cannon  
  147  12:22  Pylon  
  147  12:23  Carrier (Chrono Boost)  
  153  12:36  Carrier (Chrono Boost)  
  159  13:04  Photon Cannon  
  159  13:07  Photon Cannon  
  159  13:08  Carrier (Chrono Boost)  
  165  13:16  Protoss Shields Level 3 (Chrono Boost)  
  165  13:31  Protoss Air Weapons Level 2  
  165  13:36  Probe x2, Pylon  
  165  13:38  Pylon  
  167  13:42  Pylon  
  167  13:44  Nexus  
  167  13:48  Assimilator  
  167  13:49  Assimilator  
  167  13:51  Carrier  
  167  13:53  Pylon  
  173  14:00  Carrier  
  179  14:07  Pylon  
  179  14:11  Carrier (Chrono Boost)  
  185  14:28  Photon Cannon  
  185  14:31  Photon Cannon  
  185  14:32  Photon Cannon  
  185  14:34  Pylon  
  185  14:38  Photon Cannon  
  185  14:40  Photon Cannon  
  185  14:56  Shield Battery  
  185  15:01  Shield Battery  
  185  15:10  Shield Battery  
  185  15:19  Carrier (Chrono Boost)  
  197  15:22  Carrier (Chrono Boost)  
  197  15:23  Stargate  
  197  15:26  Stargate  
  197  15:34  Pylon  
  197  16:02  Stargate  
  197  16:03  Stargate  
Tags
 
Add a new tag
Caveats
  • Supply blocks, unpowered buildings, or Contaminate may cause inaccurate times.
  • Supply counts are checked every 10 seconds.